 Dungeon Crawl Stone Soup version 0.32-a0-918-g0f22ef8d61 (webtiles) character file.

Game seed: 18108439416428300199

148871 HilariousDeathArtist the Cruncher (level 16, -11/141 HPs)
             Began as a Mountain Dwarf Ice Elementalist on Apr 10, 2024.
             Was the Champion of Yredelemnul.
             Killed by the raging water
             ... invoked by a water nymph
              (14 damage)
             ... on level 3 of the Shoals on Apr 11, 2024.
             The game lasted 01:03:11 (33650 turns).

HilariousDeathArtist the Cruncher (MDIE)           Turns: 33650, Time: 01:03:12

Health: -11/141    AC: 24    Str: 12    XL:     16   Next: 95%
Magic:  30/30      EV: 11    Int: 27    God:    Yredelemnul [******]
Gold:   1596       SH:  0    Dex: 10    Spells: 22/35 levels left

rFire   + . .        a - +3 lajatang (vamp)
rCold   . . .        (shield currently unavailable)
rNeg    . . .        c - +0 shadow dragon scales
rPois   +            k - +0 helmet
rElec   .            w - +2 cloak {Will+}
rCorr   .            Z - +2 pair of gloves
SInv    .            t - +2 pair of boots of Cloud Cover {rPois rF+ Regen+}
Will    ++...        N - amulet "Belaedu" {RegenMP+ Int+4 Slay+6}
Stlth   ++           P - ring of poison resistance {rPois, !d}
HPRegen 1.23/turn    E - +5 ring of evasion
MPRegen 0.62/turn

%: no passive effects
@: wreathed by umbra, very slow
A: runic magic, artefact enchanting
a: Renounce Religion, Light the Black Torch, Recall Undead Harvest, Hurl
Torchlight, Bind Soul, Fathomless Shackles


You were on level 3 of the Shoals.
You worshipped Yredelemnul.
Yredelemnul was noncommittal.
You visited 4 branches of the dungeon, and saw 25 of its levels.
You also visited: Sewer and Ice Cave.

You collected 2540 gold pieces.
You spent 944 gold pieces at shops.

Inventory:

Hand Weapons
 a - a +3 vampiric lajatang (weapon)
   (You took it off Agnes on level 15 of the Dungeon)
Missiles
 s - 3 throwing nets {!d}
 L - 10 curare-tipped darts
Armour
 c - +0 shadow dragon scales (worn)
   (You found it on level 10 of the Dungeon)
 k - a +0 helmet (worn)
   (You found it on level 5 of the Dungeon)
 t - the +2 pair of boots of Cloud Cover (worn) {rPois rF+ Regen+}
   (You found it on level 11 of the Dungeon)

   rF+:       It protects you from fire.
   rPois:     It protects you from poison.
   Regen+:    It increases your rate of health regeneration.
 w - a +2 cloak of willpower (worn)
   (You bought it in a shop on level 2 of the Orcish Mines)
 S - a +1 leather armour of cold resistance
   (You took it off an orc on level 5 of the Dungeon)
 Z - a +2 pair of gloves (worn)
   (You found it on level 14 of the Dungeon)
Jewellery
 e - a ring of flight {+Fly, !d}
   (You found it on level 2 of the Shoals)
 E - a +5 ring of evasion (right hand)
   (You found it on level 14 of the Dungeon)
 F - a ring of protection from fire {rF+, !d}
   (You found it on level 4 of the Dungeon)
 N - the amulet "Belaedu" (around neck) {RegenMP+ Int+4 Slay+6}
   (You found it on level 1 of the Shoals)

   [amulet of magic regeneration]

   It increases your rate of magic regeneration.
   Int+4:     It affects your intelligence (+4).
   Slay+6:    It affects your accuracy & damage with ranged weapons and melee
   (+6).
   RegenMP+:  It increases your rate of magic regeneration.
 P - a ring of poison resistance (left hand) {rPois, !d}
   (You found it on level 3 of the Lair of Beasts)
 V - a ring of see invisible {sInv, !d}
   (You found it on level 13 of the Dungeon)
Wands
 d - a wand of digging (12)
   (You bought it in a shop on level 13 of the Dungeon)
 p - a wand of paralysis (19)
   (You found it on level 12 of the Dungeon)
 y - a wand of mindburst (6)
   (You found it on level 5 of the Lair of Beasts)
 A - a wand of light (7)
   (You found it on level 9 of the Dungeon)
 X - a wand of warping (24)
   (You took it off Natasha on level 4 of the Dungeon)
Scrolls
 f - 3 scrolls of enchant armour
 i - a scroll of fear
 o - 2 scrolls of revelation
 r - 4 scrolls of fog
 u - a scroll of brand weapon
 C - 5 scrolls of identify {@r1}
 D - 2 scrolls of blinking {!r}
 K - a scroll of immolation {!r}
 O - a scroll of silence
 W - 3 scrolls of poison {!r}
 Y - 9 scrolls of teleportation {@r3}
Potions
 g - 2 potions of enlightenment
 h - a potion of cancellation
 n - a potion of lignification {!q}
 x - 4 potions of magic
 B - a potion of brilliance
 G - a potion of ambrosia {!q}
 H - 3 potions of haste
 I - 2 potions of invisibility
 J - 5 potions of curing {@q1}
 M - a potion of might
 U - 3 potions of mutation {!q}
Miscellaneous
 b - a Gell's gravitambourine (1/2)
   (You found it on level 10 of the Dungeon)
 l - a condenser vane
   (You found it on level 10 of the Dungeon)
 m - a phantom mirror
   (You found it on level 5 of the Lair of Beasts)
 v - a lightning rod (3/4)
   (You found it on level 3 of the Lair of Beasts)
 z - a box of beasts
   (You found it on level 15 of the Dungeon)


   Skills:
 + Level 12.6 Fighting
 - Level 14.0 Staves
 + Level 4.6 Armour
 - Level 10.3 Dodging
 - Level 1.4 Stealth
 + Level 10.4 Spellcasting
 + Level 6.6 Conjurations
 - Level 10.0 Summonings
 - Level 4.0 Translocations
 + Level 10.5 Ice Magic
 + Level 5.5 Air Magic
 + Level 4.5 Invocations


You had 22 spell levels left.
You knew the following spells:

 Your Spells              Type           Power      Damage    Failure   Level
a - Summon Ice Beast      Ice/Summ       62%        N/A       1%          3
b - Blink                 Tloc           70%        N/A       2%          2
c - Freezing Cloud        Conj/Ice/Air   26%        6-21      12%         5
z - Frozen Ramparts       Ice            100%       1d16      1%          3

Your spell library contained the following spells:

 Spells                   Type           Power      Damage    Failure   Level
 Freeze                   Ice            100%       1d10      1%          1
 Momentum Strike          Conj/Tloc      84%        3d10      1%          2
 Static Discharge         Conj/Air       92%        3-7/arc   1%          2
 Hailstorm                Conj/Ice       57%        3d11      1%          3
 Ozocubu's Armour         Ice            63%        N/A       1%          3
 Lesser Beckoning         Tloc           70%        N/A       2%          2
 Summon Lightning Spire   Summ/Air       54%        N/A       4%          4
 Maxwell's Portable Pile  Tloc           35%        2d(8-24)  5%          3
 Teleport Other           Tloc           35%        N/A       5%          3
 Cigotuvi's Dreadful Rot  Necr/Alch/Air  48%        N/A       7%          2
 Airstrike                Air            21%        2d(4-20)  10%         4
 Arcjolt                  Conj/Air       23%        1d33      22%         5
 Flame Wave               Conj/Fire      32%        2d9       24%         4
 Fugue of the Fallen      Necr           14%        N/A       28%         3
 Inner Flame              Hex/Fire       14%        N/A       28%         3
 Metabolic Englaciation   Hex/Ice        21%        N/A       30%         5
 Summon Mana Viper        Hex/Summ       41%        N/A       34%         5
 Ignite Poison            Fire/Alch      14%        N/A       67%         4
 Sticky Flame             Fire/Alch      14%        2d5       67%         4
 Monstrous Menagerie      Summ           31%        N/A       80%         7
 Alistair's Intoxication  Alch           9%         N/A       95%         5
 Borgnjor's Vile Clutch   Necr/Erth      7%         N/A       95%         5
 Eringya's Noxious Bog    Alch           7%         4d6       100%        6
 Manifold Assault         Tloc           17%        N/A       100%        7
 Maxwell's Capacitive Co  Air            21%        ∞         100%        8
 Chain Lightning          Conj/Air       23%        3d30      100%        9
 Fire Storm               Conj/Fire      16%        8d4       100%        9
 Shatter                  Erth           7%         3d9*      100%        9


Dungeon Overview and Level Annotations

Branches:
Dungeon (15/15)            Temple (0/1) D:6            Lair (5/5) D:9
 Shoals (3/4) Lair:2       Spider (0/4) Lair:3        Slime (0/5) Lair:4
    Orc (2/2) D:12            Elf (0/3) Orc:2        Vaults (0/5) D:13
 Depths (0/4) D:15          Sewer (visited)           IceCv (visited)

Altars:
Elyvilon
Fedhas
Makhleb
Ru
Vehumet
Wu Jian
Yredelemnul
The Shining One
Jiyva

Shops:
D:8 [   D:12 [   D:13 *   Orc:1 :   Orc:2 ([*(

Annotations:
D:9 1 runed translucent door, RBrandon's ghost, journeyman CoBe
D:10 2 transporters, D0namaru's ghost, journeyman DsGl
D:11 2 transporters, bananaken's ghost, journeyman GrAl
D:13 exclusion: ice statue
Shoals:2 1 runed translucent door, Yxiroum's ghost, adept CoHu


Innate Abilities, Weirdness & Mutations

Your spellcasting is much less encumbered by armour.
You can use scrolls of enchantment on lesser artefacts.


Message History

Your manticore zombie bites the water nymph!
Your manticore zombie misses the water nymph.
Your manticore zombie claws the water nymph but does no damage.
Your merfolk javelineer zombie hits the plant!
The plant begins to die.
You take 9 damage, and have 132/141 hp.
Your unstable footing causes you to fumble your attack.
A water nymph comes into view.
The water nymph touches your manticore zombie.
The water nymph casts a spell at you. The water swirls and strikes you!!
You take 32 damage, and have 100/141 hp.
MASSIVE DAMAGE!!
Your unstable footing causes you to fumble your attack.
Your manticore zombie closely misses the water nymph.
Your manticore zombie misses the water nymph.
Your manticore zombie claws the water nymph.
The water nymph dies!
With your torch unlit, their soul goes wasted...
The dead are walking!
The manticore flicks its tail.
The volley of spikes skewers your manticore zombie!!
Your manticore zombie is destroyed!
Splash!
You fall into the shallow water.
Moving in this stuff is going to be slow.
Splash!
You fall into the shallow water.
Moving in this stuff is going to be slow.
The manticore bites your merfolk zombie!!
The manticore claws your merfolk zombie.
The manticore claws your merfolk zombie!
Your merfolk javelineer zombie hits the plant.
The plant begins to die.
Your merfolk zombie hits the manticore!
You regained 2 hp, and now have 103/141 hp.
Your unstable footing causes you to fumble your attack.
A nearby plant withers and dies.
The manticore bites your merfolk zombie!
The manticore claws your merfolk zombie!
The manticore claws your merfolk zombie.
The water nymph misses you.
Your unstable footing causes you to fumble your attack.
Your merfolk zombie closely misses the manticore.
Your water nymph zombie hits the manticore.
Something touches your water nymph zombie.
The manticore bites your merfolk zombie!!
The manticore closely misses your merfolk zombie.
The manticore claws your merfolk zombie.
Your merfolk javelineer zombie hits the manticore.
The water nymph touches your merfolk zombie!
Your merfolk zombie is destroyed!
You closely miss the water nymph. The water nymph misses you.
Your water nymph zombie hits the manticore.
Your unstable footing causes you to fumble your attack.
Something touches your water nymph zombie!
The manticore bites your merfolk javelineer zombie!!
The manticore claws your merfolk javelineer zombie. x2
The water nymph touches you. The water nymph drowns you!
Your merfolk javelineer zombie hits the manticore.
You take 9 damage, and have 96/141 hp.
You slice the water nymph!!
A nearby plant withers and dies.
The manticore bites your merfolk javelineer zombie!!
The manticore claws your merfolk javelineer zombie!
The manticore claws your merfolk javelineer zombie.
Something touches your water nymph zombie.
The water nymph touches you. The water nymph drowns you!
Your water nymph zombie closely misses the manticore.
You take 9 damage, and have 87/141 hp.
You closely miss the water nymph.
Your merfolk javelineer zombie barely misses the manticore.
You barely miss the water nymph. The water nymph casts a spell at you.
The water swirls and strikes you!!
Something touches your water nymph zombie.
The water nymph touches you. The water nymph drowns you!
Your water nymph zombie closely misses the manticore.
You take 33 damage, and have 55/141 hp.
MASSIVE DAMAGE!!
The water nymph attacks as it pursues you!
The water nymph touches you. The water nymph drowns you!
Splash!
You fall into the shallow water.
Moving in this stuff is going to be slow.
The water nymph attacks as it pursues you!
The water nymph touches you. The water nymph drowns you!
* * * LOW HITPOINT WARNING * * *
Your merfolk javelineer zombie hits the water nymph!
The water nymph casts a spell at you. The water swirls and strikes you!
* * * LOW HITPOINT WARNING * * *
Something bites your water nymph zombie.
Something closely misses your water nymph zombie.
Something claws your water nymph zombie!
The water nymph gestures at you while chanting.
The water swirls and strikes you!!
* * * LOW HITPOINT WARNING * * *
The water nymph points at you and mumbles some strange words.
The water swirls and strikes you!
You die...
Your body rises from the dead as a mindless zombie.

≈≈≈~PPPP~~~~~~~~~~~~~)~~..
≈≈~PP~~~PP~~~~~~~~~~~~..~~
~~~~~^~~.~~~~~~~~~........
P~~~.....)....~$.~........
~~~..........#.(.....)..##
~~.).P.......##....##...#
~~...P~~~~...###..####....
~~PPP~Zm~m...# #### #....
~P...~m~m@~..# #....
####~~Z####..# #....
#~~.~~~~ #..# ....~
#~~~~~m~ ..# m..~~
#~~~~~m~ ..# ...~~
~~~~~~~~ ~~~~~~~~ [~~~~~~
~~


You could see 4 water nymphs, a friendly merfolk javelineer zombie and a
friendly water nymph zombie.

Vanquished Creatures
  Saint Roka (Orc:2)
  A titan (Shoals:1)
  A storm dragon (D:15)
  A fenstrider witch (Shoals:2)
  Nessos (Lair:3)
  The ghost of Sirjeffry24 the Blocker, a journeyman FoFi of Beogh (D:12)
  The ghost of JoadsterXIII the Cleaver, a journeyman CoGl of Ashenzari (D:11)
  A merfolk javelineer (Shoals:3)
  3 merfolk impalers
  4 hydras
  2 boulder beetles
  2 alligator snapping turtles
  3 two-headed ogres
  4 centaur warriors
  5 death yaks (Lair:4)
  3 orc high priests
  Sonja (Lair:3)
  2 skysharks
  A sea snake (Shoals:1)
  A skeletal warrior (D:15)
  A pharaoh ant (Lair:3)
  4 arcanists
  A glowing orange brain (D:13)
  4 harpies (Shoals:2)
  An orc knight (D:10)
  An obsidian bat (Orc:2)
  An obsidian statue (D:12)
  2 lindwurms
  Pikel (D:5)
  4 deep elf pyromancers
  An ugly thing (D:15)
  3 manticores
  2 orc sorcerers
  6 fauns
  2 cyclopes
  2 elephants (Lair:4)
  2 merfolk sirens (Shoals:2)
  A water nymph (Shoals:1)
  4 black mambas
  A gargoyle (D:11)
  A kobold demonologist (D:14)
  14 cane toads
  A rime drake (Lair:3)
  2 yaktaurs (D:15)
  2 efreet (D:10)
  5 ice devils (IceCv)
  Jeremiah (D:7)
  9 komodo dragons
  A tengu conjurer (D:11)
  4 hornets (Lair:5)
  A queen bee (shapeshifter) (D:15)
  2 trolls
  4 polar bears
  3 snapping turtles
  8 merfolk
  A wind drake (Shoals:2)
  7 blink frogs
  9 slime creatures
  9 spriggans (Lair:5)
  3 shadows
  A ynoxinul (D:5)
  A water elemental (Shoals:1)
  2 wyverns
  5 basilisks
  11 yaks
  2 vampire mosquitoes
  5 wargs (Orc:1)
  A redback (Lair:2)
  Grum (Lair:1)
  A death yak simulacrum (IceCv)
  A harpy simulacrum (IceCv)
  Duvessa (D:7)
  An acid dragon (D:8)
  14 water moccasins
  22 orc warriors
  2 laughing skulls (D:15)
  An ice beast (D:6)
  5 black bears
  3 ogres
  10 wolves
  5 boggarts (Lair:5)
  6 centaurs
  2 lemures (D:5)
  A phantom (D:6)
  3 kobold brigands
  Blork the orc (D:4)
  9 bullfrogs
  3 scorpions
  10 killer bees
  2 elephant simulacra (IceCv)
  An electric eel (D:8)
  A howler monkey (D:13)
  A crimson imp (D:4)
  2 hounds
  3 bombardier beetles
  26 orc priests
  2 jellies
  Ijyb (D:5)
  2 hell rats (D:9)
  3 iguanas
  25 orc wizards
  Natasha (D:4)
  3 troll simulacra (IceCv)
  3 gnolls (D:8)
  11 adders
  2 river rats (Sewer)
  A white imp (IceCv)
  3 ufetubi (IceCv)
  2 orc zombies (Orc:2)
  A ribbon worm (D:5)
  5 dart slugs
  47 orcs
  7 ball pythons
  6 bats
  7 endoplasms
  9 giant cockroaches
  6 goblins (D:1)
  5 hobgoblins
  4 jackals
  13 kobolds
  2 quokkas
  A frilled lizard (D:1)
  6 rats
  2 spectral ufetubi (IceCv)
516 creatures vanquished.

Vanquished Creatures (collateral kills)
  Jorgrun (Orc:2)
  Gastronok (D:9)
  Agnes (D:15)
  An orc warlord (Orc:1)
  A stone giant (Shoals:1)
  An ironbound preserver (D:13)
  A merfolk impaler (Shoals:2)
  A fire dragon (D:15)
  2 hydras (Lair:5)
  A merfolk avatar (Shoals:2)
  2 catoblepae
  3 boulder beetles
  A two-headed ogre (D:13)
  2 centaur warriors (D:13)
  3 death yaks (Lair:4)
  A tengu warrior (D:10)
  Urug (Lair:4)
  A deep troll earth mage (D:15)
  An orc high priest (Orc:2)
  A sea snake (Shoals:1)
  A deep elf pyromancer (D:15)
  8 ugly things
  6 harpies (Shoals:2)
  Maurice (D:8)
  5 cyclopes
  2 manticores
  9 fauns
  6 black mambas
  A kobold blastminer (Orc:2)
  4 merfolk sirens
  4 water nymphs
  4 cane toads
  2 unseen horrors
  A kobold demonologist (D:14)
  An ice devil (IceCv)
  5 komodo dragons
  A tengu conjurer (D:13)
  4 trolls
  3 polar bears
  A jumping spider (Lair:3)
  9 merfolk
  2 hornets (Lair:5)
  6 dream sheep (Shoals:2)
  A snapping turtle (Shoals:1)
  8 blink frogs
  8 slime creatures
  Sigmund (D:6)
  A wraith (D:8)
  2 spriggans (Lair:5)
  2 wyverns
  2 shadows
  15 yaks
  A basilisk (Lair:2)
  2 wargs
  Eustachio (D:4)
  4 vampire mosquitoes
  An acid dragon (D:10)
  5 water moccasins
  A hydra simulacrum (IceCv)
  A black bear (Lair:5)
  5 orc warriors
  2 laughing skulls (D:14)
  3 ogres
  12 wolves
  2 centaurs
  A kobold brigand (D:14)
  2 scorpions
  A bullfrog (Lair:4)
  3 killer bees
  A bombardier beetle (D:3)
  An electric eel (Orc:1)
  2 jellies (Sewer)
  Crazy Yiuf (D:4)
  A scrub nettle (Lair:1)
  A gnoll bouda (D:8)
  A hound (D:6)
  6 orc priests
  An iguana (D:9)
  Natasha (twice) (D:4)
  9 orc wizards
  A spriggan simulacrum (IceCv)
  2 troll simulacra (IceCv)
  A polar bear simulacrum (IceCv)
  4 adders
  2 naga simulacra (IceCv)
  3 river rats
  4 shadow imps
  A white imp (D:8)
  2 ufetubi (D:6)
  14 orcs
  8 endoplasms
  2 giant cockroaches (Sewer)
  A goblin (D:2)
  5 ball pythons
  A ball python zombie (Sewer)
  3 frilled lizards (Sewer)
  11 kobolds
  A rat (Sewer)
292 creatures vanquished.

Vanquished Creatures (others)
  A storm dragon zombie (D:15)
  3 ugly thing zombies
  A deep elf pyromancer (D:10)
  5 death yak zombies (Lair:4)
  An unseen horror zombie (D:13)
  A sea snake zombie (Shoals:1)
  6 harpy zombies (Shoals:2)
  A deep troll zombie (D:15)
  A boulder beetle zombie (D:15)
  A jumping spider zombie (Lair:3)
  3 black mamba zombies
  A spectral black mamba (Lair:2)
  7 slime creature zombies
  6 spectral ice devils (IceCv)
  A tengu zombie (D:10)
  A two-headed ogre zombie (D:8)
  4 faun zombies
  A water nymph zombie (Shoals:2)
  3 cane toad zombies
  7 merfolk zombies
  2 elephant zombies (Lair:4)
  A hornet zombie (Lair:5)
  4 manticore zombies
  A yaktaur zombie (D:15)
  A bullfrog (Lair:4)
  2 cyclops zombies
  2 wyvern zombies
  2 warg zombies (Orc:1)
  7 water moccasin zombies
  Dowan (D:7)
  A queen bee zombie (D:15)
  2 troll zombies
  A spectral acid dragon (D:8)
  2 spriggan zombies
  4 yak zombies (D:10)
  3 wolf zombies
  4 bullfrog zombies
  7 centaur zombies
  2 orc priests (Orc:2)
  A basilisk zombie (D:12)
  A scorpion zombie (D:4)
  2 killer bee zombies (D:9)
  2 ogre zombies (Orc:1)
  2 hell rat zombies (D:9)
  A howler monkey zombie (D:13)
  A human zombie (D:4)
  4 elf zombies
  An ufetubus (IceCv)
  2 adder zombies
  A felid zombie (D:4)
  An iguana zombie (D:9)
  A spectral shadow imp (D:8)
  A spectral white imp (IceCv)
  A gnoll zombie (D:8)
  A river rat zombie (Lair:2)
  A ball python zombie (D:4)
  A bombardier beetle zombie (D:7)
  A dart slug zombie (D:4)
  An endoplasm zombie (D:4)
  13 kobold zombies
  69 orc zombies
  2 rat zombies (Sewer)
  3 spectral ufetubi
  11 spectral weapons
229 creatures vanquished.

Grand Total: 1037 creatures vanquished

Notes
Turn   | Place    | Note
-------+----------+-------------------------------------------
     0 | D:1      | HilariousDeathArtist the Mountain Dwarf Ice Elementalist
                  | began the quest for the Orb.
     0 | D:1      | Reached XP level 1. HP: 14/14 MP: 3/3
    58 | D:1      | Reached skill level 1 in Fighting
   221 | D:1      | Reached XP level 2. HP: 20/24 MP: 2/4
   255 | D:1      | Reached skill level 2 in Fighting
   602 | D:1      | Reached skill level 3 in Fighting
   607 | D:1      | Reached XP level 3. HP: 28/31 MP: 5/5
  1027 | D:2      | Learned a level 3 spell: Frozen Ramparts
  1209 | D:2      | Reached skill level 4 in Fighting
  1294 | D:2      | Reached XP level 4. HP: 38/40 MP: 6/6
  1506 | D:2      | Found a faded altar of an unknown god.
  1526 | D:2      | Prayed at the altar of an unknown god.
  1526 | D:2      | Became a worshipper of Yredelemnul the Fallen
  1526 | D:2      | Reached * piety under Yredelemnul
  2399 | D:3      | Reached skill level 5 in Fighting
  2497 | D:3      | Reached skill level 2 in Spellcasting
  2497 | D:3      | Reached XP level 5. HP: 29/48 MP: 3/8
  2674 | D:4      | Noticed Blork the orc
  2681 | D:4      | HP: 7/48 [Blork the orc/+0 halberd (12)]
  2910 | D:4      | Reached skill level 3 in Spellcasting
  3065 | D:4      | Found an ornate altar of the Wu Jian Council.
  3148 | D:4      | Noticed Eustachio
  3173 | D:4      | Killed Eustachio
  3173 | D:4      | Reached ** piety under Yredelemnul
  3174 | D:4      | Reached skill level 4 in Spellcasting
  3174 | D:4      | Reached XP level 6. HP: 52/56 MP: 9/12
  3421 | D:4      | Found a burning altar of Makhleb.
  3422 | D:4      | Found a radiant altar of Vehumet.
  3470 | D:4      | Noticed Natasha
  3473 | D:4      | Killed Natasha
  3655 | D:4      | HP: 12/56 [Blork the orc/+0 halberd (15)]
  3656 | D:4      | Killed Blork the orc
  3657 | D:4      | Reached skill level 5 in Spellcasting
  3657 | D:4      | Reached XP level 7. HP: 14/61 MP: 14/14
  3661 | D:4      | Learned a level 3 spell: Summon Ice Beast
  3693 | D:4      | Your ally Eustachio died
  3698 | D:4      | Reached skill level 1 in Summonings
  3698 | D:4      | Reached skill level 4 in Ice Magic
  3977 | D:4      | Noticed Natasha
  3984 | D:4      | Killed Natasha
  3994 | D:4      | Noticed Natasha
  4002 | D:4      | Your ally Natasha died
  4003 | D:4      | Killed Natasha
  4004 | D:4      | Reached skill level 2 in Summonings
  4520 | D:4      | Found a runed translucent door.
  4521 | D:4      | Noticed Crazy Yiuf
  4668 | D:4      | Killed Crazy Yiuf
  4809 | D:5      | Entered Level 5 of the Dungeon
  4861 | D:5      | Found a glowing drain.
  4884 | Sewer    | Entered a sewer
  4983 | Sewer    | Reached *** piety under Yredelemnul
  5016 | Sewer    | Found a viscous altar of Jiyva.
  5022 | Sewer    | Reached skill level 3 in Summonings
  5089 | Sewer    | Reached skill level 5 in Ice Magic
  5246 | D:5      | Found a sacrificial altar of Ru.
  5269 | D:5      | Reached XP level 8. HP: 62/68 MP: 12/15
  5279 | D:5      | Reached skill level 4 in Summonings
  5448 | D:5      | Noticed Pikel
  5482 | D:5      | Killed Pikel
  5483 | D:5      | Reached skill level 5 in Summonings
  5483 | D:5      | Reached skill level 6 in Ice Magic
  5842 | D:5      | Noticed Ijyb
  5851 | D:5      | Killed Ijyb
  6212 | D:6      | Reached skill level 6 in Summonings
  6234 | D:6      | Noticed Sigmund
  6257 | D:6      | Killed Sigmund
  6258 | D:6      | Reached skill level 7 in Ice Magic
  6258 | D:6      | Reached XP level 9. HP: 66/74 MP: 16/16
  6448 | D:6      | Found a staircase to the Ecumenical Temple.
  6467 | D:6      | Found a blossoming altar of Fedhas.
  6899 | D:7      | Noticed Duvessa
  6902 | D:7      | Noticed Dowan
  6910 | D:7      | Killed Duvessa
  6910 | D:7      | Reached **** piety under Yredelemnul
  6911 | D:7      | Reached skill level 7 in Summonings
  6919 | D:7      | Killed Dowan
  7555 | D:7      | Reached skill level 8 in Ice Magic
  7777 | D:7      | Found a white marble altar of Elyvilon.
  7789 | D:7      | Noticed Jeremiah
  7810 | D:7      | Your ally Duvessa died
  7853 | D:7      | Killed Jeremiah
  8151 | D:8      | Reached skill level 8 in Summonings
  8211 | D:8      | Noticed Maurice
  8225 | D:8      | Something stole a staff of fire {rF+}
  8228 | D:8      | Found Talloboch's Antique Armour Shoppe.
  8232 | D:8      | Killed Maurice
  8467 | D:8      | Reached XP level 10. HP: 53/81 MP: 11/17
  8665 | D:8      | Noticed a two-headed ogre
  8694 | D:8      | Killed a two-headed ogre
  8695 | D:8      | Reached skill level 9 in Summonings
  8695 | D:8      | Reached skill level 9 in Ice Magic
  9283 | D:9      | Learned a level 2 spell: Blink
  9471 | D:9      | Found a staircase to the Lair.
  9472 | D:9      | Noticed Gastronok
  9869 | D:9      | Noticed a two-headed ogre
  9882 | D:9      | Killed a two-headed ogre
  9883 | D:9      | Reached skill level 1 in Translocations
 10092 | D:9      | Reached skill level 2 in Dodging
 10851 | D:9      | Noticed a centaur warrior
 10884 | D:9      | Killed a centaur warrior
 10885 | D:9      | Reached skill level 6 in Fighting
 10885 | D:9      | Reached skill level 2 in Translocations
 11091 | D:9      | Found a runed translucent door.
 11095 | D:9      | Noticed RBrandon's ghost (journeyman CoBe)
 11359 | D:9      | Killed Gastronok
 11360 | D:9      | Reached XP level 11. HP: 90/90 MP: 19/19
 11450 | D:9      | Reached skill level 10 in Summonings
 11608 | D:10     | Entered Level 10 of the Dungeon
 11652 | D:10     | Reached skill level 3 in Dodging
 11653 | D:10     | Reached skill level 10 in Ice Magic
 11733 | D:10     | Reached skill level 6 in Spellcasting
 11733 | D:10     | HP: 14/91 [yak (10)]
 11735 | D:10     | Reached ***** piety under Yredelemnul
 11738 | D:10     | Reached skill level 3 in Translocations
 12032 | D:10     | Noticed an orc knight
 12032 | D:10     | Noticed a deep elf pyromancer
 12032 | D:10     | Noticed a tengu warrior
 12032 | D:10     | Noticed a centaur warrior
 12039 | D:10     | Killed a deep elf pyromancer
 12489 | D:10     | Reached skill level 7 in Fighting
 12577 | D:10     | HP: 19/92 [tengu warrior/+0 battleaxe (6)]
 12579 | D:10     | HP: 7/92 [tengu warrior/+0 battleaxe (11)]
 12579 | D:10     | Killed a tengu warrior
 13229 | D:10     | HP: 18/92 [orc knight/+2 long sword (10)]
 13243 | D:10     | Killed an orc knight
 13244 | D:10     | Reached skill level 4 in Dodging
 13478 | D:10     | Found a transporter.
 13478 | D:10     | Noticed a two-headed ogre
 13479 | D:10     | Noticed D0namaru's ghost (journeyman DsGl)
 13479 | D:10     | Identified the +1 great mace of Gimeuc {freeze, Int+4}
 13479 | D:10     | Noticed a two-headed ogre
 13480 | D:10     | Noticed a two-headed ogre
 13482 | D:10     | Noticed a two-headed ogre
 13484 | D:10     | Found a transporter.
 13579 | D:10     | Reached skill level 4 in Translocations
 13958 | D:10     | Identified the +2 quarterstaff "Nuagokut" {spect, rElec}
 14356 | D:11     | Reached skill level 1 in Staves
 14714 | D:11     | Reached skill level 8 in Fighting
 14718 | D:11     | Reached skill level 2 in Staves
 14720 | D:11     | Reached skill level 7 in Spellcasting
 14911 | D:11     | Noticed bananaken's ghost (journeyman GrAl)
 14952 | D:11     | Found a transporter.
 14957 | D:11     | Found a transporter.
 15060 | D:11     | Identified the +0 pair of boots of Cloud Cover {rPois rF+
                  | Regen+}
 15379 | D:12     | Reached XP level 12. HP: 87/103 MP: 17/22
 15558 | D:12     | Reached skill level 3 in Staves
 15635 | D:12     | Noticed a boulder beetle
 15657 | D:12     | HP: 19/103 [boulder beetle (10)]
 15666 | D:12     | Killed a boulder beetle
 15789 | D:12     | Reached skill level 5 in Dodging
 15809 | D:12     | Found a runed translucent gate.
 15809 | D:12     | Found a runed translucent gate.
 15809 | D:12     | Found a runed translucent gate.
 15812 | D:12     | Noticed Sirjeffry24's ghost (journeyman FoFi)
 15813 | D:12     | Noticed JoadsterXIII's ghost (journeyman CoGl)
 15845 | D:12     | Reached skill level 4 in Staves
 15914 | D:12     | Found a staircase to the Orcish Mines.
 15918 | D:12     | Found Aggi's Armour Emporium.
 16000 | D:12     | Reached skill level 9 in Fighting
 16535 | Lair:1   | Entered Level 1 of the Lair of Beasts
 17102 | Lair:1   | Reached skill level 5 in Staves
 17153 | Lair:1   | Noticed Grum
 17176 | Lair:1   | Killed Grum
 17659 | Lair:2   | Reached skill level 8 in Spellcasting
 17795 | Lair:2   | Noticed a six-headed hydra
 17806 | Lair:2   | HP: 22/106 [six-headed hydra (7)]
 17942 | Lair:2   | Reached skill level 9 in Staves
 17942 | Lair:2   | Reached XP level 13. HP: 113/113 MP: 25/25
 17956 | Lair:2   | HP: 27/113 [skyshark (11)]
 17956 | Lair:2   | HP: 13/113 [skyshark (6)]
 17963 | Lair:2   | Reached skill level 6 in Dodging
 17968 | Lair:2   | HP: 20/113 [water moccasin (5)]
 17973 | Lair:2   | HP: 24/113 [water moccasin (1)]
 17980 | Lair:2   | HP: 26/113 [water moccasin (4)]
 18056 | Lair:2   | Reached skill level 10 in Fighting
 18204 | Lair:2   | Found a staircase to the Shoals.
 18749 | Lair:2   | Reached skill level 10 in Staves
 18794 | Lair:2   | Reached XP level 14. HP: 121/121 MP: 24/26
 19190 | Lair:3   | Found a hole to the Spider Nest.
 19199 | Lair:3   | Noticed Sonja
 19224 | Lair:2   | HP: 29/122 [redback simulacrum (12)]
 19395 | Lair:3   | Killed Sonja
 19701 | Lair:3   | Noticed Nessos
 19894 | Lair:3   | Reached skill level 9 in Spellcasting
 20428 | Lair:4   | Noticed Urug
 20434 | Lair:4   | Found a staircase to the Slime Pits.
 20435 | Lair:4   | Found a viscous altar of Jiyva.
 20442 | Lair:4   | Killed Urug
 20443 | Lair:4   | Reached skill level 11 in Fighting
 20450 | Lair:4   | Reached skill level 7 in Dodging
 20570 | Lair:4   | Found a frozen archway.
 20591 | IceCv    | Entered an ice cave
 20750 | IceCv    | Noticed a reaper
 20807 | IceCv    | HP: 30/124 [spriggan simulacrum (11)]
 20812 | IceCv    | HP: 31/124 [spriggan simulacrum (4)]
 20815 | IceCv    | HP: 15/124 [ice devil (6)]
 20817 | IceCv    | Reached skill level 11 in Staves
 20984 | IceCv    | Found the +2 Maxwell's thermic engine {flame, freeze, rev}
 21140 | Lair:4   | HP: 21/124 [catoblepas (23)]
 21141 | Lair:4   | HP: 5/124 [catoblepas (17)]
 21146 | Lair:4   | HP: 8/124 [catoblepas/blast of calcifying dust (4)]
 21156 | Lair:4   | HP: 19/124 [something/blast of calcifying dust (1)]
 21348 | Lair:3   | Killed Nessos
 21902 | Lair:4   | HP: 28/124 [death yak (7)]
 21973 | Lair:4   | HP: 30/125 [death yak (18)]
 22083 | Lair:4   | HP: 15/125 [catoblepas (21)]
 22318 | Lair:4   | Reached skill level 12 in Fighting
 22438 | Lair:4   | Reached skill level 10 in Spellcasting
 22443 | Lair:4   | Reached skill level 8 in Dodging
 22870 | Lair:5   | Entered Level 5 of the Lair of Beasts
 23292 | Lair:5   | Reached skill level 9 in Dodging
 23292 | Lair:5   | Reached XP level 15. HP: 126/132 MP: 26/29
 23304 | Lair:5   | Learned a level 5 spell: Freezing Cloud
 23667 | Lair:5   | Reached skill level 1 in Conjurations
 23760 | Lair:5   | Reached skill level 1 in Air Magic
 23981 | Lair:5   | Reached skill level 2 in Conjurations
 23998 | Lair:5   | Reached ****** piety under Yredelemnul
 24049 | Lair:5   | Reached skill level 2 in Air Magic
 24805 | D:11     | Killed JoadsterXIII's ghost
 24806 | D:11     | Reached skill level 3 in Conjurations
 24986 | D:12     | Killed Sirjeffry24's ghost
 25060 | D:12     | Identified the +8 trident of Defiance {drain, rC+}
 25296 | D:13     | Reached skill level 3 in Air Magic
 25474 | D:13     | Found a gate to the Vaults.
 25490 | D:13     | Reached skill level 4 in Conjurations
 25911 | D:13     | Found Mibuerch's General Store.
 25914 | D:13     | Bought a wand of digging (7) for 323 gold pieces
 26240 | D:14     | Reached skill level 10 in Dodging
 26333 | D:14     | Reached skill level 4 in Air Magic
 26531 | D:14     | Reached skill level 5 in Conjurations
 26826 | D:15     | Entered Level 15 of the Dungeon
 26845 | D:15     | Noticed a storm dragon
 26873 | D:15     | HP: 33/132 [storm dragon (13)]
 26875 | D:15     | HP: 14/132 [storm dragon (10)]
 26875 | D:15     | HP: 6/132 [storm dragon (8)]
 26877 | D:15     | Killed a storm dragon
 26880 | D:15     | HP: 26/132 [slime creature (7)]
 27028 | D:15     | Found a staircase to the Depths.
 27409 | D:15     | Found a glowing golden altar of the Shining One.
 27410 | D:15     | Noticed Agnes
 27436 | D:15     | HP: 24/132 [Agnes/+1 vampiric lajatang (21)]
 27438 | D:15     | HP: 10/132 [Agnes/+1 vampiric lajatang (6)]
 27440 | D:15     | Killed Agnes
 27693 | D:15     | Your ally Agnes died
 28074 | Orc:1    | Entered Level 1 of the Orcish Mines
 28173 | Orc:1    | Reached skill level 12 in Staves
 28197 | Orc:1    | Reached XP level 16. HP: 97/139 MP: 5/30
 28459 | Orc:1    | Paralysed by an orc wizard for 5 turns
 28632 | Orc:1    | Found Bydwy's Book Emporium.
 28903 | Orc:2    | Entered Level 2 of the Orcish Mines
 28903 | Orc:2    | Found a staircase to the Elven Halls.
 28906 | Orc:2    | Noticed Jorgrun
 28922 | Orc:2    | Killed Jorgrun
 29068 | Orc:2    | HP: 32/139 [orc priest/divine providence (13)]
 29458 | Orc:2    | HP: 32/129 [orc sorcerer/bolt of negative energy (17)]
 29721 | Orc:2    | Reached skill level 13 in Staves
 30286 | Orc:2    | Found Soijoisk's Weapon Boutique.
 30286 | Orc:2    | Found Xas Qubb's Antique Armour Shop.
 30300 | Orc:2    | Found Weacoomp's Weapon Shop.
 30302 | Orc:2    | Found Busirhya's General Store.
 30407 | Orc:2    | Noticed Saint Roka
 30457 | Orc:2    | Killed Saint Roka
 30846 | Orc:2    | Bought an embroidered cloak for 217 gold pieces
 30846 | Orc:2    | Bought a runed kite shield for 217 gold pieces
 30847 | Orc:2    | Bought 2 curare-tipped darts for 31 gold pieces
 30848 | Orc:2    | Bought a scroll of teleportation for 39 gold pieces
 30848 | Orc:2    | Bought 2 potions of curing for 78 gold pieces
 30848 | Orc:2    | Bought a potion of curing for 39 gold pieces
 31121 | Shoals:1 | Entered Level 1 of the Shoals
 31195 | Shoals:1 | Reached skill level 1 in Armour
 31294 | Shoals:1 | Reached skill level 14 in Staves
 31368 | Shoals:1 | Reached skill level 2 in Armour
 31414 | Shoals:1 | HP: 34/139 [sea snake (12)]
 31486 | Shoals:1 | HP: 28/139 [frost giant/bolt of cold (47)]
 31487 | Shoals:1 | HP: 13/139 [water nymph/the raging water (7)]
 31582 | Shoals:1 | Reached skill level 1 in Invocations
 31738 | Shoals:1 | Noticed a titan
 31755 | Shoals:1 | Killed a titan
 32287 | Shoals:1 | Reached skill level 6 in Conjurations
 32287 | Shoals:1 | Reached skill level 2 in Invocations
 32365 | Shoals:1 | Identified the amulet "Belaedu" {RegenMP+ Int+4 Slay+6}
 32527 | Shoals:2 | Reached skill level 3 in Armour
 32528 | Shoals:2 | Reached skill level 5 in Air Magic
 32613 | Shoals:2 | Found a runed translucent door.
 32613 | Shoals:2 | Noticed Yxiroum's ghost (adept CoHu)
 32707 | Shoals:2 | Reached skill level 3 in Invocations
 33186 | Shoals:2 | Reached skill level 4 in Armour
 33238 | Shoals:2 | Reached skill level 4 in Invocations
 33650 | Shoals:3 | HP: 31/141 [water nymph/the raging water (7)]
 33650 | Shoals:3 | HP: 3/141 [water nymph/the raging water (28)]
 33650 | Shoals:3 | Killed from afar by a water nymph

Illustrated notes

Levels and vault maps discovered:
D:1:      dpeg_arrival_subterranean_lakeside_camping, layout_rooms
D:2:      layout_loops_ring, hellmonk_ecumenical_altar_pennies_from_heaven
D:3:      layout_basic, grunt_ministairs_10
D:4:      layout_layer_cave, overflow_temple_1_default,
          grunt_temple_overflow_lords_of_destruction, nicolae_hexahallways,
          uniq_natasha, uniq_blork_the_orc, uniq_eustachio,
          uniq_crazy_yiuf_cottage
D:5:      layout_loops_ring, mainiacjoe_overflow_paths, gup_sewer_entry_glass,
          saegor_snake_ambush, uniq_ijyb, uniq_pikel
D:6:      layout_rooms, fedhas_altar_3, minmay_temple_entry_ruins, uniq_sigmund
D:7:      layout_basic, elyvilon_altar_3, uniq_jeremiah, uniq_duvessa
D:8:      layout_rooms, serial_shops, nicolae_shop_waterfront,
          dreamdust_princess_corridor, kennysheep_generic_room_16, uniq_maurice
D:9:      layout_stronghold, dpeg_lair_monsters, gammafunk_ghost_grave,
          small_statue_intersection, uniq_gastronok
D:10:     minmay_the_grid_triangle_9x9_recursive_2_mashed
          [minmay_the_grid_triangle_9x9_prize_insulated,
          minmay_the_grid_triangle_9x9_semitri,
          minmay_the_grid_triangle_9x9_longest,
          minmay_the_grid_triangle_9x9_corrupted_corridor], layout_stronghold,
          gammafunk_ghost_smash
D:11:     layout_loops_ring, gammafunk_ghost_hive
D:12:     layout_roguey, orc_david_3, gammafunk_ghost_cemetery,
          minmay_fountain_box, minivault_16
D:13:     cheibrodos_frozen_isle, layout_cave_pools,
          hellmonk_vaults_order_and_chaos, serial_shops, shop
D:14:     layout_irregular_city
D:15:     hellmonk_depths_entry_around_the_bend, layout_basic,
          minmay_misc_feat_rugged, nicolae_concentric_dashed_squares_wild,
          tso_altar, uniq_agnes
Lair:1:   layout_roguey, evilmike_ambush [evilmike_ambush_outer_basic,
          evilmike_ambush_inner_basic], serial_bayou_shore_b, uniq_grum
Lair:2:   layout_hall_layers, minmay_shoals_entry_lonely_mermaid, pond,
          grunt_megastairs_4, serial_bayou_shore_b
Lair:3:   layout_gridlike, nicolae_spider_entry_lesser_pyramids,
          lemuel_fruit_fields, uniq_sonja, uniq_nessos
Lair:4:   layout_hall_layers, slime_entry_1, portal_ice_cave_entry_pillars_1,
          beast_lair_carwin_6, grunt_megastairs_2, uniq_urug
Lair:5:   minmay_lair_end_enchanted_forest, layout_hall_layers,
          dreamdust_mushroom_princess, serial_bayou_pond_c, grunt_megastairs_5
Shoals:1: cheibrodos_shoals_gigantism, layout_shoals
Shoals:2: layout_shoals, hellmonk_ghost_happy_afterlife,
          nicolae_shoals_beach_house_on_fowls_legs
Shoals:3: layout_shoals, nicolae_shoals_nymph_descending_staircase
Orc:1:    layout_caves, serial_shops, nicolae_shop_rolling_square,
          nooodl_orcs_dogs
Orc:2:    st_orc_mages, layout_caves, uniq_jorgrun, uniq_saint_roka

Skill      XL: |  1  2  3  4  5  6  7  8  9 10 11 12 13 14 15 16 |
---------------+-------------------------------------------------+-----
Fighting       | 1 3 4 5 6 8 9 10 12 | 12.6
Spellcasting   | 2 4 5 7 8 10 | 10.4
Summonings     | 3 6 8 9 10 | 10.0
Ice Magic      | 5 7 8 9 10 | 10.5
Translocations | 2 4 |  4.0
Dodging        | 2 4 5 6 9 10 | 10.3
Staves         | 2 9 10 11 12 14 | 14.0
Conjurations   | 5 6 |  6.6
Air Magic      | 4 5 |  5.5
Armour         | 4 |  4.6
Invocations    | 4 |  4.5
Stealth        | |  1.4

Action                     |  1- 3 |  4- 6 |  7- 9 | 10-12 | 13-15 | 16-18 || total
---------------------------+-------+-------+-------+-------+-------+-------++-------
  Melee: Rapier            |    88 |    11 |       |       |       |       ||    99
         Unarmed           |     3 |       |       |       |       |       ||     3
         Short sword       |       |    35 |       |       |       |       ||    35
         Glaive            |       |    32 |    17 |       |       |       ||    49
         Quarterstaff      |       |       |   188 |   244 |   746 |       ||  1178
         Dagger            |       |       |    61 |   341 |       |       ||   402
         Trident           |       |       |       |       |   258 |       ||   258
         Lajatang          |       |       |       |       |   120 |   735 ||   855
  Throw: Dart              |       |       |       |       |     1 |       ||     1
   Cast: Freeze            |    34 |    14 |       |       |       |       ||    48
         Summon Ice Beast  |       |       |     5 |     9 |    25 |     2 ||    41
         Frozen Ramparts   |       |       |       |     4 |     5 |       ||     9
         Freezing Cloud    |       |       |       |       |     3 |     3 ||     6
         Blink             |       |       |       |       |       |     1 ||     1
 Invoke: Light the Black T |       |     3 |     5 |     6 |     7 |     3 ||    24
         Recall Undead Har |       |       |       |     2 |       |       ||     2
  Evoke: Wand              |       |       |     3 |    16 |    26 |     1 ||    46
         Gell's gravitambo |       |       |       |     2 |     3 |     2 ||     7
         Condenser vane    |       |       |       |     1 |     2 |     1 ||     4
         Lightning rod     |       |       |       |       |     9 |     4 ||    13
         Box of beasts     |       |       |       |       |     1 |     1 ||     2
         Phantom mirror    |       |       |       |       |     1 |     1 ||     2
    Use: Scroll            |     3 |     7 |       |    16 |     8 |     5 ||    39
         Potion            |       |       |       |     4 |     7 |     4 ||    15
   Stab: Sleeping          |     1 |     1 |     9 |     2 |     3 |     1 ||    17
         Distracted        |       |       |       |     3 |    21 |     8 ||    32
         Paralysed         |       |       |       |       |    13 |     3 ||    16
         Petrified         |       |       |       |       |     1 |       ||     1
 Armour: Robe              |    93 |    49 |    76 |       |       |       ||   218
         Leather armour    |       |       |    97 |   577 |   930 |   251 ||  1855
         Shadow dragon sca |       |       |       |       |       |   313 ||   313
  Dodge: Dodged            |    90 |    47 |   161 |   407 |   829 |   583 ||  2117

Table legend: (Time is in decaauts)
 A = Elapsed time spent in this place.
 B = Non-inter-level travel time spent in this place.
 C = Inter-level travel time spent in this place.
 D = Time resting spent in this place.
 E = Time spent auto-exploring this place.
 F = Levels seen in this place.
 G = Mean time per level.
                   A        B        C        D        E       F      G
               +--------+--------+--------+--------+--------+-----+--------+
         Total |  33615 |  32167 |   1448 |     52 |  25302 |  27 | 1245.0 |
       Dungeon |  20063 |  19154 |    909 |      0 |  15770 |  15 | 1337.5 |
          Lair |   7474 |   7087 |    387 |      0 |   5381 |   5 | 1494.8 |
        Shoals |   2603 |   2547 |     56 |      3 |   1798 |   3 |  867.7 |
  Orcish Mines |   2705 |   2610 |     95 |      0 |   2009 |   2 | 1352.5 |
         Sewer |    268 |    268 |      0 |      0 |    142 |   1 |  268.0 |
      Ice Cave |    500 |    500 |      0 |     49 |    202 |   1 |  500.0 |
               +--------+--------+--------+--------+--------+-----+--------+

Top non-repeatable levels by time:
    D:10: 2706 daAuts
     D:9: 2361 daAuts
     D:4: 1995 daAuts
  Lair:2: 1640 daAuts
  Lair:5: 1624 daAuts
   Orc:1: 1606 daAuts
  Lair:4: 1603 daAuts
    D:12: 1449 daAuts
    D:11: 1416 daAuts
Shoals:1: 1409 daAuts
  Lair:3: 1354 daAuts
     D:7: 1328 daAuts
  Lair:1: 1252 daAuts
     D:5: 1201 daAuts
    D:15: 1190 daAuts

Levels and vault maps discovered:
D:1:      dpeg_arrival_subterranean_lakeside_camping, layout_rooms
D:2:      layout_loops_ring, hellmonk_ecumenical_altar_pennies_from_heaven
D:3:      layout_basic, grunt_ministairs_10
D:4:      layout_layer_cave, overflow_temple_1_default,
          grunt_temple_overflow_lords_of_destruction, nicolae_hexahallways,
          uniq_natasha, uniq_blork_the_orc, uniq_eustachio,
          uniq_crazy_yiuf_cottage
D:5:      layout_loops_ring, mainiacjoe_overflow_paths, gup_sewer_entry_glass,
          saegor_snake_ambush, uniq_ijyb, uniq_pikel
D:6:      layout_rooms, fedhas_altar_3, minmay_temple_entry_ruins, uniq_sigmund
D:7:      layout_basic, elyvilon_altar_3, uniq_jeremiah, uniq_duvessa
D:8:      layout_rooms, serial_shops, nicolae_shop_waterfront,
          dreamdust_princess_corridor, kennysheep_generic_room_16, uniq_maurice
D:9:      layout_stronghold, dpeg_lair_monsters, gammafunk_ghost_grave,
          small_statue_intersection, uniq_gastronok
D:10:     minmay_the_grid_triangle_9x9_recursive_2_mashed
          [minmay_the_grid_triangle_9x9_prize_insulated,
          minmay_the_grid_triangle_9x9_semitri,
          minmay_the_grid_triangle_9x9_longest,
          minmay_the_grid_triangle_9x9_corrupted_corridor], layout_stronghold,
          gammafunk_ghost_smash
D:11:     layout_loops_ring, gammafunk_ghost_hive
D:12:     layout_roguey, orc_david_3, gammafunk_ghost_cemetery,
          minmay_fountain_box, minivault_16
D:13:     cheibrodos_frozen_isle, layout_cave_pools,
          hellmonk_vaults_order_and_chaos, serial_shops, shop
D:14:     layout_irregular_city
D:15:     hellmonk_depths_entry_around_the_bend, layout_basic,
          minmay_misc_feat_rugged, nicolae_concentric_dashed_squares_wild,
          tso_altar, uniq_agnes
Lair:1:   layout_roguey, evilmike_ambush [evilmike_ambush_outer_basic,
          evilmike_ambush_inner_basic], serial_bayou_shore_b, uniq_grum
Lair:2:   layout_hall_layers, minmay_shoals_entry_lonely_mermaid, pond,
          grunt_megastairs_4, serial_bayou_shore_b
Lair:3:   layout_gridlike, nicolae_spider_entry_lesser_pyramids,
          lemuel_fruit_fields, uniq_sonja, uniq_nessos
Lair:4:   layout_hall_layers, slime_entry_1, portal_ice_cave_entry_pillars_1,
          beast_lair_carwin_6, grunt_megastairs_2, uniq_urug
Lair:5:   minmay_lair_end_enchanted_forest, layout_hall_layers,
          dreamdust_mushroom_princess, serial_bayou_pond_c, grunt_megastairs_5
Shoals:1: cheibrodos_shoals_gigantism, layout_shoals
Shoals:2: layout_shoals, hellmonk_ghost_happy_afterlife,
          nicolae_shoals_beach_house_on_fowls_legs
Shoals:3: layout_shoals, nicolae_shoals_nymph_descending_staircase
Orc:1:    layout_caves, serial_shops, nicolae_shop_rolling_square,
          nooodl_orcs_dogs
Orc:2:    st_orc_mages, layout_caves, uniq_jorgrun, uniq_saint_roka

Table legend: (Time is in decaauts)
 A = Elapsed time spent in this place.
 B = Non-inter-level travel time spent in this place.
 C = Inter-level travel time spent in this place.
 D = Time resting spent in this place.
 E = Time spent auto-exploring this place.
 F = Levels seen in this place.
 G = Mean time per level.
                   A        B        C        D        E       F      G
               +--------+--------+--------+--------+--------+-----+--------+
         Total |  33615 |  32167 |   1448 |     52 |  25302 |  27 | 1245.0 |
       Dungeon |  20063 |  19154 |    909 |      0 |  15770 |  15 | 1337.5 |
          Lair |   7474 |   7087 |    387 |      0 |   5381 |   5 | 1494.8 |
        Shoals |   2603 |   2547 |     56 |      3 |   1798 |   3 |  867.7 |
  Orcish Mines |   2705 |   2610 |     95 |      0 |   2009 |   2 | 1352.5 |
         Sewer |    268 |    268 |      0 |      0 |    142 |   1 |  268.0 |
      Ice Cave |    500 |    500 |      0 |     49 |    202 |   1 |  500.0 |
               +--------+--------+--------+--------+--------+-----+--------+

Top non-repeatable levels by time:
    D:10: 2706 daAuts
     D:9: 2361 daAuts
     D:4: 1995 daAuts
  Lair:2: 1640 daAuts
  Lair:5: 1624 daAuts
   Orc:1: 1606 daAuts
  Lair:4: 1603 daAuts
    D:12: 1449 daAuts
    D:11: 1416 daAuts
Shoals:1: 1409 daAuts
  Lair:3: 1354 daAuts
     D:7: 1328 daAuts
  Lair:1: 1252 daAuts
     D:5: 1201 daAuts
    D:15: 1190 daAuts

Table legend:
 A = Kills in this place as a percentage of kills in the entire game.
 B = Kills by you in this place as a percentage of kills by you in the entire game.
 C = Kills by friends in this place as a percentage of kills by friends in the entire game.
 D = Other kills in this place as a percentage of other kills in the entire game.
 E = Experience gained in this place as a percentage of experience gained in the entire game.
 F = Experience gained in this place divided by the number of levels of this place that you have seen.
                   A       B       C       D       E      F
               +-------+-------+-------+-------+-------+----------------------
         Total | 100.0 | 100.0 | 100.0 | 100.0 | 100.0 | 6993.0
       Dungeon |  41.9 |  42.6 |  40.5 |  50.0 |  33.2 | 4175.5
          Lair |  23.8 |  23.8 |  23.7 |  50.0 |  31.9 | 12052.8
        Shoals |  10.3 |   7.3 |  15.8 |   0.0 |  22.7 | 14290.7
  Orcish Mines |  17.0 |  20.8 |  10.3 |   0.0 |  10.5 | 9908.0
         Sewer |   4.0 |   2.4 |   6.9 |   0.0 |   0.1 | 217.0
      Ice Cave |   3.0 |   3.1 |   2.7 |   0.0 |   1.6 | 3010.0
               +-------+-------+-------+-------+-------+----------------------
